 Dungeon Crawl Stone Soup version 0.18.1-50-g88ac8fd (webtiles) character file.

425 wamma the Poker (level 6, -2/52 HPs)
             Began as a Minotaur Gladiator on Sept 22, 2016.
             Was a Follower of Trog.
             Slain by a necrophage (3 damage)
             ... on level 5 of the Dungeon.
             The game lasted 00:15:14 (2989 turns).

wamma the Poker (Minotaur Gladiator)                Turns: 2989, Time: 00:15:16

Health: -2/52      AC: 11    Str: 18 (21) XL:     6   Next: 64%
Magic:  5/5        EV: 13    Int:  1 (3)  God:    Trog [*.....]
Gold:   172        SH:  0    Dex: 11      Spells: 0 memorised, 5 levels left

rFire  . . .     SeeInvis .     q - +2 spear (freeze)
rCold  . . .     Gourm    .     l - +3 ring mail
rNeg   . . .     Faith    .     (no shield)
rPois  .         Spirit   .     c - +0 hat
rElec  .         Dismiss  .     u - +0 cloak
rCorr  .         Reflect  .     (no gloves)
SustAt .         Harm     .     m - +0 pair of boots
MR     ++...                    (no amulet)
Stlth  +.........               (no ring)
                                (no ring)

@: regenerating, very resistant to hostile enchantments, very unstealthy
A: retaliatory headbutt, horns 2, dopey 1, slow regeneration 1, wild magic 1
a: Berserk, Burn Spellbooks, Renounce Religion


You were on level 5 of the Dungeon.
You worshipped Trog.
Trog was aware of your devotion.
You were hungry.

You visited 1 branch of the dungeon, and saw 5 of its levels.

You collected 172 gold pieces.

Inventory:

Hand Weapons
 a - a +1 trident
 i - a cursed -2 quarterstaff
 o - a +0 flail
 p - a +0 club
 q - a +2 spear of freezing (weapon)
 r - a +2 spear of venom
Armour
 b - a +0 leather armour
 c - a +0 hat (worn)
 l - a +3 ring mail (worn)
 m - a +0 pair of boots (worn)
 u - a +0 cloak (worn)
Jewellery
 j - a cursed ring of teleportation {unknown}
 t - an uncursed ring of flight {unknown}
 v - an uncursed ring of resist corrosion {unknown}
Scrolls
 d - a scroll of identify
 e - a scroll of immolation
 g - 3 scrolls of remove curse
 w - a scroll of random uselessness
Potions
 n - a potion of degeneration
Miscellaneous
 k - a plain deck of destruction
Comestibles
 f - 2 bread rations


   Skills:
 + Level 4.0 Fighting
 + Level 5.3 Polearms
 + Level 2.0 Throwing
 + Level 4.3 Armour
 + Level 5.2 Dodging
 + Level 0.3 Stealth


You had 5 spell levels left.
You didn't know any spells.

Dungeon Overview and Level Annotations

Branches:
Dungeon (5/15)
 Temple: D:4-7

Altars:
Ashenzari
Cheibriados
Elyvilon
Nemelex Xobeh
Trog
Yredelemnul
The Shining One

Annotations:
D:4 Endymion's ghost, novice TrMo


Innate Abilities, Weirdness & Mutations

You reflexively headbutt those who attack you in melee.
You have a pair of horns on your head.
You are dopey. (Int -2)
You regenerate slowly when monsters are visible.
Your spells are a little harder to cast, but a little more powerful.


Message History

The ice beast hits you.
* * * LOW HITPOINT WARNING * * *
The ice beast freezes you!
* * * LOW HITPOINT WARNING * * *
The necrophage hits you but does no damage.
You hit the ice beast. Your headbutt misses the ice beast.
The ice beast is almost dead.
The ice beast barely misses you. The necrophage barely misses you.
You hit the ice beast but do no damage.
The ice beast is almost dead.
The ice beast hits you but does no damage.
The necrophage hits you but does no damage.
You barely miss the ice beast.
The ice beast is almost dead.
The ice beast hits you.
* * * LOW HITPOINT WARNING * * *
The ice beast freezes you.
* * * LOW HITPOINT WARNING * * *
The necrophage hits you.
You die...

#........>.# .#
#..........# ..
#..........# $
#..........# .# #
#..........#####.#.##
#..........##........
#.........)..........
#..........##n..$....
#...........#@.......
#............Y.....?.
#..###.###.##........
#..#.....#.##.#.#####
#..#.....#....#..
#.... >....##.....
#..# ....... #.. ....


You could see an ice beast and a necrophage.

Vanquished Creatures
  A thrashing horror (D:3)
  An ice beast (D:4)
  2 jellies (D:5)
  An orc priest (D:3)
  An iguana (D:4)
  2 worker ants (D:5)
  Robin (D:3)
  6 adders
  3 oozes (D:3)
  2 worms (D:2)
  A dart slug (D:3)
  3 giant geckos
  7 orcs
  6 bats
  3 giant cockroaches
  10 goblins
  11 hobgoblins
  6 jackals
  A quokka (D:2)
  A ball python (D:1)
  A giant newt (D:1)
  5 kobolds
  7 rats
82 creatures vanquished.

Notes
Turn   | Place    | Note
--------------------------------------------------------------
     0 | D:1      | wamma the Minotaur Gladiator began the quest for the Orb.
     0 | D:1      | Reached XP level 1. HP: 18/18 MP: 0/0
   109 | D:1      | Reached XP level 2. HP: 25/25 MP: 1/1
   545 | D:2      | Reached XP level 3. HP: 28/30 MP: 2/2
   551 | D:2      | Found a shattered altar of Ashenzari.
   687 | D:2      | Found a sparkling altar of Nemelex Xobeh.
   723 | D:2      | Became a worshipper of Nemelex Xobeh the Trickster
   832 | D:2      | Received a gift from Nemelex Xobeh
   946 | D:2      | Reached skill level 1 in Armour
   947 | D:2      | Found a snail-covered altar of Cheibriados.
  1167 | D:2      | Found a bloodstained altar of Trog.
  1257 | D:2      | Fell from the grace of Nemelex Xobeh
  1257 | D:2      | Became a worshipper of Trog the Wrathful
  1626 | D:3      | Reached XP level 4. HP: 32/37 MP: 3/3
  1792 | D:3      | Noticed Robin
  1802 | D:3      | Reached XP level 5. HP: 28/45 MP: 4/4
  1808 | D:3      | Reached * piety under Trog
  1888 | D:3      | Found a glowing golden altar of the Shining One.
  1893 | D:3      | Found a basalt altar of Yredelemnul.
  1895 | D:3      | Noticed a profane servitor
  2026 | D:3      | Found a white marble altar of Elyvilon.
  2062 | D:3      | Noticed a thrashing horror
  2071 | D:3      | Killed a thrashing horror
  2162 | D:3      | Killed Robin
  2422 | D:3      | Noticed an angel
  2470 | D:4      | Noticed an ice beast
  2479 | D:4      | Killed an ice beast
  2479 | D:4      | Reached skill level 5 in Polearms
  2479 | D:4      | Reached XP level 6. HP: 30/52 MP: 5/5
  2578 | D:4      | Noticed Endymion's ghost (novice TrMo)
  2593 | D:5      | Entered Level 5 of the Dungeon
  2622 | D:5      | Gained mutation: Your spells are a little harder to cast, but a little more powerful. [potion of mutation]
  2622 | D:5      | Gained mutation: You regenerate slowly when monsters are visible. [potion of mutation]
  2622 | D:5      | Gained mutation: You are dopey. (Int -2) [potion of mutation]
  2653 | D:5      | Noticed an ice beast
  2955 | D:5      | Reached skill level 5 in Dodging
  2972 | D:5      | Reached ** piety under Trog
  2989 | D:5      | HP: 1/52 [ice beast (5)]
  2989 | D:5      | Slain by a necrophage

Skill      XL: |  1  2  3  4  5  6 |
---------------+-------------------+-----
Polearms       | 4 5 |  5.3
Armour         | 1 2 3 4 |  4.3
Dodging        | 4 5 |  5.2
Fighting       | 3 4 |  4.0
Throwing       | |  2.0
Stealth        | |  0.3

Action                   |  1- 3 |  4- 6 || total
-------------------------+-------+-------++-------
Melee: Trident           |    70 |    17 ||    87
       Headbutt          |    13 |    21 ||    34
       Spear             |       |   111 ||   111
Throw: Throwing net      |       |     3 ||     3
Invok: Berserk           |       |     1 ||     1
       Trog's Hand       |       |     1 ||     1
  Use: Scroll            |     3 |     5 ||     8
       Potion            |       |     5 ||     5
  Eat: Beef jerky        |     1 |       ||     1
       Chunk             |     1 |       ||     1
       Bread ration      |       |     1 ||     1
Armor: Leather armour    |    16 |       ||    16
       Ring mail         |     4 |    41 ||    45
Dodge: Dodged            |    56 |    47 ||   103
